 Dungeon Crawl Stone Soup version 0.29.1-1-gd02db6906a (webtiles) character file.

Game seed: 1027116697679617515

38 hikkokomori the Sneak (level 3, -3/30 HPs)
             Began as a Formicid Delver on Oct 6, 2022.
             Slain by a gnoll
             ... wielding a +0 halberd
              (11 damage)
             ... on level 2 of the Dungeon.
             The game lasted 00:02:33 (815 turns).

hikkokomori the Sneak (Formicid Delver)              Turns: 815, Time: 00:02:34

Health: -3/30      AC:  3    Str: 18    XL:     3   Next: 65%
Magic:  3/3        EV: 10    Int:  9    God:
Gold:   68         SH:  7    Dex: 15    Spells: 2/2 levels left

rFire   . . .      SeeInvis +   a - +0 hand axe
rCold   . . .      Faith    .   o - +0 kite shield
rNeg    . . .      Spirit   .   b - +0 leather armour
rPois   .          Reflect  .   (helmet unavailable)
rElec   .          Harm     .   (no cloak)
rCorr   .          Rampage  .   (no gloves)
Will    .....                   (no boots)
Stlth   +++.......              (no amulet)
HPRegen 0.10/turn               (no ring)
MPRegen 0.08/turn               (no ring)

@: no status effects
A: permanent stasis, dig shafts and tunnels, antennae 3, four strong arms
a: Dig, Shaft Self


You were on level 2 of the Dungeon.
You visited 1 branch of the dungeon, and saw 4 of its levels.

You collected 68 gold pieces.

Inventory:

Hand Weapons
 a - a +0 hand axe (weapon)
Armour
 b - a +0 leather armour (worn)
 o - a +0 kite shield (worn)
Wands
 f - a wand of digging (3)
Scrolls
 c - a scroll of fog
 d - a scroll of magic mapping
 e - a scroll of fear
 h - a scroll of blinking {unknown}
 i - a scroll of vulnerability {unknown}
 l - a scroll of enchant armour {unknown}
Potions
 g - a potion of might {unknown}
 j - a potion of brilliance {unknown}
 k - a potion of haste {unknown}
 m - a potion of mutation {unknown}
 n - a potion of attraction {unknown}


   Skills:
 + Level 4.1 Fighting
 + Level 3.0 Axes
 - Level 1.7 Dodging
 - Level 6.0 Stealth
 + Level 0.0 Shields


You had 2 spell levels left.
You didn't know any spells.
Your spell library was empty.

Dungeon Overview and Level Annotations

Branches:
Dungeon (5/15)
 Temple: D:4-7

Altars:
Yredelemnul


Innate Abilities, Weirdness & Mutations

You cannot be hasted, slowed, berserked, paralysed or teleported.
You can dig through walls and to a lower floor.
You have a pair of large antennae on your head. (SInv)
Your four strong arms can wield two-handed weapons with a shield.


Message History

There is an open door here.
No target in view!
You see here a +0 kite shield.
You open the large door.
There is a large open door here.
There is a large open door here.
n - a viscous pink potion Key pressed, stopping explore.
No target in view!
No target in view!
There is a large open door here.
There is a large open door here.
You see here a +0 kite shield.
o - a +0 kite shield You start putting on your armour.
You continue putting on your +0 kite shield. x4
You finish putting on your +0 kite shield.
Unknown command.
There is an open door here.
A sourceless malevolence fills the Dungeon... and a teleportation trap spontaneously manifests!
You feel a strange sense of stasis.
Found a stone staircase leading down.
A rat and a goblin come into view.
Found a stone staircase leading up. 3 gnolls come into view.
The goblin shouts!
The gnoll shouts! x2
The gnoll shouts!
The gnoll throws a throwing net.
The throwing net hits you.
You become entangled in the net!
You see here a throwing net.
You struggle against the net.
The gnoll hits you from afar with a +0 halberd!
You tear a large gash into the net.
The gnoll hits you from afar with a +0 halberd!
The gnoll hits you from afar with a +0 halberd.
The goblin hits you with a +0 dagger.
* * * LOW HITPOINT WARNING * * *
You shred the net and break free! You block the gnoll's attack. x2
The gnoll hits you from afar with a +0 halberd!
You die...

.... r...
...<##... #......
#.....# ####.....#
##### #........#
#...#
##........###...##
.....g..........>#
#....g@#####....#
#....g.#####....#
#...g..##.......#
#......##.....#.#
+......##.....#.#
######.##.....#.#
#.##.....#.# {
#.##.....#.#
#.......#


You could see 3 gnolls and a goblin.

Vanquished Creatures
  3 adders (D:4)
  A ball python (D:4)
  An endoplasm (D:4)
  A giant cockroach (D:3)
  A goblin (D:3)
  2 kobolds (D:4)
  A quokka (D:2)
  2 frilled lizards
12 creatures vanquished.

Notes
Turn   | Place    | Note
-------+----------+-------------------------------------------
     0 | D:5      | hikkokomori the Formicid Delver began the quest for the
                  | Orb.
     0 | D:5      | Reached XP level 1. HP: 18/18 MP: 1/1
    21 | D:5      | Noticed a yak
    69 | D:4      | Reached XP level 2. HP: 23/25 MP: 2/2
   183 | D:4      | Found a basalt altar of Yredelemnul.
   224 | D:4      | Reached XP level 3. HP: 29/30 MP: 3/3
   411 | D:4      | Noticed an ogre
   553 | D:3      | Found a faded altar of an unknown god.
   815 | D:2      | Slain by a gnoll

Illustrated notes

Levels and vault maps discovered:
D:2:      layout_basic, serial_glass, glass_columns_a, glass_columns_b,
          glass_columns_a, glass_columns_c, glass_columns_a, glass_columns_a,
          kennysheep_generic_room_11
D:3:      layout_loops_cross, nicolae_gozag_cash_rules_everything_around_me,
          lemuel_tele_altar, nicolae_dithmenos_the_darkroom, minitemple,
          hellmonk_ecumenical_altar_arch_garden, serial_shops, shop
D:4:      layout_basic, nicolae_overflow_crystal_walls,
          pf_guarded_unrand_woodcutter
D:5:      layout_rooms, lemuel_coloured_pillars_altar, kennysheep_little_box,
          mainiacjoe_overflow_surrounded_room, chequers_mini_garden,
          grunt_ministairs_4, chequers_serial_rivers_marsh

Skill      XL: |  1  2  3 |
---------------+----------+-----
Fighting       | 4 |  4.1
Axes           | 3 |  3.0
Dodging        | |  1.7
Stealth        | |  6.0

Action                   || total
-------------------------++-------
Melee: Hand axe          ||    42
       Punch             ||     1
 Stab: Sleeping          ||     3
Armor: Leather armour    ||     6
Dodge: Dodged            ||    25
Block: Kite shield       ||     2
